 Dungeon Crawl Stone Soup version 0.21-a0-516-gaaff437 (webtiles) character file.

623 Gerstahl the Charlatan (level 7, -2/55 HPs)
             Began as a Demonspawn Artificer on Dec 3, 2017.
             Killed themself with a badly aimed fireball (7 damage)
             ... on level 4 of the Dungeon.
             The game lasted 00:08:26 (5026 turns).

Gerstahl the Charlatan (Demonspawn Artificer)       Turns: 5026, Time: 00:08:26

Health: -2/55      AC:  8    Str: 13    XL:     7   Next: 22%
Magic:  0/11       EV: 12    Int: 12    God:
Gold:   247        SH:  0    Dex: 15    Spells: 6/6 levels left

rFire    . . .     SeeInvis .   a - +0 short sword
rCold    + . .     Gourm    .   (no shield)
rNeg     . . .     Faith    .   C - +1 leather armour {rPois}
rPois    +         Spirit   +   p - +0 helmet
rElec    .         Reflect  .   (no cloak)
rCorr    .         Harm     .   u - +0 pair of gloves
MR       .....                  (no boots)
Stlth    ++........             g - amulet of guardian spirit
HPRegen  0.18/turn              y - ring of protection from cold
MPRegen  0.12/turn              (no ring)

@: no status effects
A: thin metallic scales 1, demonic guardian 1, nightstalker 1
a: no special abilities


You were on level 4 of the Dungeon.
You were hungry.

You visited 1 branch of the dungeon, and saw 4 of its levels.

You collected 247 gold pieces.

Inventory:

Hand Weapons
 a - a +0 short sword (weapon)
Armour
 b - a +0 leather armour
 p - a +0 helmet (worn)
 u - a +0 pair of gloves (worn)
 C - a +1 leather armour of poison resistance (worn)
Jewellery
 g - an amulet of guardian spirit (around neck)
 h - an uncursed ring of poison resistance
 y - a ring of protection from cold (left hand)
Wands
 c - a wand of flame (3)
 d - a wand of enslavement (31)
 e - a wand of random effects (2)
Scrolls
 i - 2 scrolls of enchant armour {unknown}
 j - 2 scrolls of fog {unknown}
 n - 5 scrolls of identify {unknown}
 o - 2 scrolls of teleportation {unknown}
 q - 2 scrolls of remove curse {unknown}
 r - 2 scrolls of random uselessness {unknown}
 s - 2 scrolls of enchant weapon {unknown}
 v - 2 scrolls of noise {unknown}
Potions
 k - a potion of ambrosia
 l - 2 potions of haste {unknown}
 t - a potion of might {unknown}
 x - a potion of heal wounds {unknown}
 B - a potion of berserk rage {unknown}
 D - 2 potions of curing {unknown}
Comestibles
 f - 4 bread rations
 m - 2 meat rations
 w - 5 fruits
 z - a royal jelly


   Skills:
 + Level 4.5 Fighting
 + Level 4.0 Short Blades
 - Level 1.7 Dodging
 - Level 0.8 Stealth
 + Level 5.4 Evocations


You had 6 spell levels left.
You didn't know any spells.

Dungeon Overview and Level Annotations

Branches:
Dungeon (4/15)
 Temple: D:4-7

Altars:
Dithmenos
Fedhas
Kikubaaqudgha
Qazlal
Wu Jian


Innate Abilities, Weirdness & Mutations

You are partially covered in thin metallic scales. (AC +2)
A weak demonic guardian rushes to your aid.
You are slightly more attuned to the shadows.


Message History

The two-headed ogre is moderately wounded.
The fireball engulfs you!
You feel a bit more experienced.
You hit the orc warrior but do no damage.
The orc warrior is moderately wounded.
The orc warrior hits you with a long sword!
* * * LOW HITPOINT WARNING * * *
Evoke which item? (* to show all) (? for menu, Esc to quit)
Aiming: Random Effects
Press: ? - help, Shift-Dir - straight line, f/p - two-headed ogre
Aim: a two-headed ogre, wielding two giant clubs (moderately wounded)
The orc warrior struggles to resist.
The orc warrior closely misses you.
Evoke which item? (* to show all) (? for menu, Esc to quit)
Aiming: Random Effects
Press: ? - help, Shift-Dir - straight line, f - orc warrior
Aim: an orc warrior, wielding a long sword and wearing a chain mail (moderately wounded)
The fireball explodes!
The fireball engulfs the orc warrior.
You kill the orc warrior!
Your Short Blades skill increases to level 4!
The fireball engulfs you!
You die...

.##<##
########### ##.##
##.$ #####
#........## #.#
##. ##
..........## ##.#
## '#
..........$# #..#
.#
...........###.##
.#
#####†##...##.#
.##
#.8..8.##..##.# #
..##
#.....5..##..#.#
## ...#
..#####@..##.###
#####. ..### =
#...)##..#..#
...... ....#
#...$..##.##.#
###### ....#
#..#.>#..#..#.#
...... ...##
#..#$⌠#..# .#.#
###### ..##
##≈...$§## ##.#
.## ##.≈..## #..#
.###### .# ######
##.## ....... .#
##..# #######


You could see a friendly ufetubus.

Vanquished Creatures
  The ghost of darxusza the Skirmisher, an amateur DsMo (D:4)
  An orc warrior (D:4)
  2 orc wizards (D:4)
  A bullfrog skeleton (D:4)
  4 worker ants (D:4)
  A hound skeleton (D:4)
  Robin (D:4)
  3 adders
  An ooze (D:1)
  An adder skeleton (D:4)
  4 worms
  2 dart slugs
  3 leopard geckos
  3 orcs
  8 bats
  2 bat zombies (D:2)
  4 giant cockroaches
  18 goblins
  13 hobgoblins
  A jackal (D:4)
  9 kobolds
  A quokka (D:4)
  4 ball pythons
  5 frilled lizards
  6 rats
  3 rat zombies (D:2)
102 creatures vanquished.

Vanquished Creatures (collateral kills)
  Sigmund (D:4)
  An adder skeleton (D:4)
  2 orcs (D:4)
  A quokka (D:4)
5 creatures vanquished.

Grand Total: 107 creatures vanquished

Notes
Turn   | Place    | Note
-------+----------+-------------------------------------------
     0 | D:1      | Gerstahl the Demonspawn Artificer began the quest for the Orb.
     0 | D:1      | Reached XP level 1. HP: 15/15 MP: 3/3
    28 | D:1      | Reached skill level 1 in Short Blades
    88 | D:1      | Gained mutation: A weak demonic guardian rushes to your aid. [demonic ancestry]
    88 | D:1      | Reached XP level 2. HP: 6/21 MP: 4/4
   902 | D:1      | Reached XP level 3. HP: 21/27 MP: 5/5
  2251 | D:2      | Reached XP level 4. HP: 32/33 MP: 6/6
  2377 | D:2      | Noticed a water elemental
  2397 | D:2      | Found a stormy altar of Qazlal.
  2399 | D:2      | Noticed an air elemental
  2400 | D:2      | Noticed a fire elemental
  2400 | D:2      | Noticed an earth elemental
  2506 | D:2      | Found a shadowy altar of Dithmenos.
  2676 | D:2      | Found an ancient bone altar of Kikubaaqudgha.
  3902 | D:4      | Reached skill level 4 in Evocations
  3948 | D:4      | Gained mutation: You are partially covered in thin metallic scales. (AC +2) [demonic ancestry]
  3948 | D:4      | Reached XP level 5. HP: 26/41 MP: 6/8
  4259 | D:4      | Noticed darxusza's ghost (amateur DsMo)
  4296 | D:4      | Killed darxusza's ghost
  4296 | D:4      | Reached XP level 6. HP: 29/48 MP: 4/9
  4472 | D:4      | Noticed Sigmund
  4490 | D:4      | Killed Sigmund
  4525 | D:4      | Found an ornate altar of the Wu Jian Council.
  4526 | D:4      | Found a blossoming altar of Fedhas.
  4605 | D:4      | Noticed Robin
  4610 | D:4      | Reached skill level 5 in Evocations
  4618 | D:4      | Killed Robin
  4998 | D:4      | Gained mutation: You are slightly more attuned to the shadows. [demonic ancestry]
  4998 | D:4      | Reached XP level 7. HP: 45/54 MP: 8/10
  5014 | D:4      | Noticed a two-headed ogre
  5026 | D:4      | Killed themself with a badly aimed fireball

Vault maps used:
D:1:      erik_arrival_cave_to_civilisation
D:2:      grunt_dithmenos_smoke, nicolae_qazlal_style_of_elements,
          lemuel_zombie_altar_kikubaaqudgha, kennysheep_cross_room
D:3:      lemuel_old_faithful
D:4:      minitemple, nzn_random_ring, uniq_robin, uniq_sigmund

Skill      XL: |  1  2  3  4  5  6  7 |
---------------+----------------------+-----
Short Blades   | 1 2 3 4 |  4.0
Fighting       | 2 3 4 |  4.5
Evocations     | 4 5 |  5.4
Dodging        | |  1.7
Stealth        | |  0.8

Action                   |  1- 3 |  4- 6 |  7- 9 || total
-------------------------+-------+-------+-------++-------
Melee: Short sword       |   158 |   290 |    10 ||   458
Evoke: Wand              |     6 |    15 |     4 ||    25
  Use: Potion            |       |     1 |       ||     1
 Stab: Sleeping          |     3 |     1 |     1 ||     5
       Distracted        |       |     1 |       ||     1
  Eat: Chunk             |     4 |     9 |       ||    13
Armor: Leather armour    |    44 |    91 |     5 ||   140
Dodge: Dodged            |   108 |   179 |     7 ||   294

Table legend:
 A = Spawn XP
 B = Non-spawn XP
 C = Spawn XP percentage of total XP
 D = Spawn monster count
 E = Non-spawn monster count
 F = Spawn count percentage of total count
 G = Total turns spent on level
                    A         B        C        D         E        F      G
               +---------+---------+-------+---------+---------+-------+---------
         Total |       0 |     890 |   0.0 |       0 |     107 |   0.0 |  5026
               +---------+---------+-------+---------+---------+-------+---------
           D:1 |       0 |      59 |   0.0 |       0 |      29 |   0.0 |  1569
           D:2 |       0 |      57 |   0.0 |       0 |      25 |   0.0 |  1310
           D:3 |       0 |      31 |   0.0 |       0 |      15 |   0.0 |   989
           D:4 |       0 |     743 |   0.0 |       0 |      38 |   0.0 |  1158
               +---------+---------+-------+---------+---------+-------+---------
